 Dungeon Crawl Stone Soup version 0.30-a0-142-g7370640ec8 (webtiles) character file.

Game seed: 4623638993368993710

192 qw the Shield-Bearer (level 5, 0/32 HPs)
             Began as a Gargoyle Fighter on Sept 26, 2022.
             Slain by a gnoll sergeant
             ... wielding a +3 spear of freezing
              (1 damage)
             ... on level 4 of the Dungeon.
             The game lasted 00:01:08 (2990 turns).

qw the Shield-Bearer (Gargoyle Fighter)             Turns: 2990, Time: 00:01:08

Health: 0/32       AC: 12    Str: 21    XL:     5   Next: 71%
Magic:  5/5        EV:  6    Int:  9    God:
Gold:   235        SH: 12    Dex:  9    Spells: 4/4 levels left

rFire   . . .      SeeInvis .    Y - +0 war axe
rCold   . . .      Faith    .    f - +0 tower shield
rNeg    + . .      Spirit   .    b - +0 scale mail
rPois   inf        Reflect  .    (no helmet)
rElec   +          Harm     .    (no cloak)
rCorr   .          Rampage  .    (no gloves)
Will    .....                    k - +0 pair of boots
Stlth   ..........               (no amulet)
HPRegen 0.10/turn                (no ring)
MPRegen 0.09/turn                (no ring)

@: no status effects
A: sickness immunity, AC +4, negative energy resistance 1, electricity
resistance, torment resistance 1, petrification resistance
a: no special abilities


You were on level 4 of the Dungeon.
You visited 1 branch of the dungeon, and saw 4 of its levels.

You collected 235 gold pieces.


Innate Abilities, Weirdness & Mutations

You are immune to sickness and miasma.
Your stone body is resilient. (AC +4)
You are immune to poison.
You resist negative energy. (rN+)
You are resistant to electric shocks. (rElec)
You are resistant to unholy torment.
You are immune to petrification.


   Skills:
 - Level 3.2 Fighting
 - Level 3.0 Axes
 - Level 3.2 Armour
 + Level 6.1 Shields


You had 4 spell levels left.
You didn't know any spells.
Your spell library was empty.

Inventory:

Hand Weapons
 i - a +0 mace
 Y - a +0 war axe (weapon)
Armour
 b - a +0 scale mail (worn)
 c - a +1 leather armour of cold resistance
 f - a +0 tower shield (worn)
 k - a +0 pair of boots (worn)
 q - a +0 chain mail
Scrolls
 o - a scroll of identify
 r - 3 scrolls of teleportation
Potions
 a - a potion of haste {unknown}
 d - 3 potions of might
 e - a potion of degeneration {unknown}
 g - 2 potions of heal wounds
 h - a potion of mutation {unknown}
 j - a potion of curing
 l - a potion of magic {unknown}
 m - a potion of experience {unknown}
 n - a potion of attraction {unknown}
 p - a potion of flight {unknown}

Dungeon Overview and Level Annotations

Branches:
Dungeon (4/15)
 Temple: D:4-7

Altars:
Wu Jian


Message History

The hobgoblin barely misses you.
You slash the hobgoblin!
You kill the hobgoblin!
You see here a hobgoblin corpse.
g - 2 potions of heal wounds (gained 1)
Things that are here:
a +0 whip; a gnoll skeleton
Found 5 large rocks.
You now have 235 gold pieces (gained 6).
A gnoll comes into view. It is wielding a +0 spear.
The gnoll shouts!
A gnoll comes into view. It is wielding a +0 flail.
A gnoll comes into view. It is wielding a +0 club.
A gnoll sergeant comes into view. It is wielding a +3 spear of freezing.
Found a stone staircase leading up.
The gnoll sergeant shouts!
The gnoll shouts! x2
You see here 10 gold pieces.
Enter note: A gnoll comes into view. It is wielding a +0 spear.
2986 ||| Stepping ~*~*~tactically~*~*~ (stealth).
You block the gnoll's attack.
You barely miss the gnoll. You block the gnoll's attack.
The gnoll sergeant hits you from afar with a +3 spear of freezing.
The gnoll sergeant freezes you. The gnoll hits you but does no damage.
The gnoll sergeant hits you from afar with a +3 spear of freezing.
The gnoll sergeant freezes you. You block the gnoll's attack.
You slash the gnoll!
The gnoll is heavily wounded.
You slash the gnoll! You block the gnoll's attack. x2
The gnoll sergeant hits you from afar with a +3 spear of freezing!
The gnoll sergeant freezes you.
You closely miss the gnoll.
The gnoll is severely wounded.
You closely miss the gnoll. You block the gnoll's attack.
The gnoll hits you with a +0 club.
The gnoll sergeant hits you from afar with a +3 spear of freezing!
The gnoll sergeant freezes you.
You die...

#...# # #...# # #...#
#### #...# #...
######...#####.##
####.###.....(........##
......g@................
.#.#.g##g$............##
...l...####....#.###.##
..<..g#g #....#.# #...
....g #. #....#.# ####
.... #. #....#.# # ...
.. #....#.# #### # ##
#......###...
###.#......#.##


You could see a gnoll sergeant, an iguana and 2 gnolls.

Vanquished Creatures
  A hound (D:4)
  Jessica (D:3)
  3 gnolls (D:4)
  5 adders
  2 dart slugs
  2 orcs (D:3)
  8 endoplasms
  6 goblins
  5 hobgoblins
  2 jackals (D:1)
  6 kobolds
  4 quokkas
  3 ball pythons
  2 bats (D:1)
  5 frilled lizards
  4 rats
59 creatures vanquished.

Notes
Turn   | Place    | Note
-------+----------+-------------------------------------------
     0 | D:1      | qw the Gargoyle Fighter began the quest for the Orb.
     0 | D:1      | Reached XP level 1. HP: 14/14 MP: 1/1
     0 | D:1      | 0 ||| qw: Version: 0.2-a-10-g399e6c4
     0 | D:1      | 0 ||| qw: Game counter: 479
     0 | D:1      | 0 ||| qw: Always use a shield: true
     0 | D:1      | 0 ||| qw: God list: Okawaru
     0 | D:1      | 0 ||| qw: Allow faded altars: false
     0 | D:1      | 0 ||| qw: Do Orc after D:15 true
     0 | D:1      | 0 ||| qw: Do second Lair branch before Depths: true
     0 | D:1      | 0 ||| qw: Lair rune preference: random
     0 | D:1      | 0 ||| qw: Plans: Normal, Zot:1-4, God:TSO, Crypt, Tomb,
                  | Pan, Slime:5, Hells, Abyss, Orb
     0 | D:1      | 0 ||| PLANNING D:1-11
    18 | D:1      | 18 ||| Stepping ~*~*~tactically~*~*~ (stealth).
    19 | D:1      | 19 ||| Stepping ~*~*~tactically~*~*~ (stealth).
    20 | D:1      | 20 ||| Stepping ~*~*~tactically~*~*~ (stealth).
    40 | D:1      | 40 ||| Stepping ~*~*~tactically~*~*~ (stealth).
   136 | D:1      | Reached XP level 2. HP: 17/19 MP: 2/2
   440 | D:1      | Found a faded altar of an unknown god.
   460 | D:1      | Reached skill level 3 in Axes
   593 | D:1      | You fall into a shaft and drop 1 floor!
   624 | D:2      | 624 ||| UPGRADING to +0 tower shield.
   634 | D:2      | 634 ||| DROPPING +0 buckler.
   635 | D:2      | 635 ||| UPGRADING to +0 pair of boots.
   640 | D:2      | 640 ||| READING scroll labelled XEABOH BAHIUVAI.
   645 | D:2      | 645 ||| READING 2 scrolls labelled FYN PUDUFIKLIU.
   646 | D:2      | 646 ||| READING scroll labelled ZAPNACLARAX.
   647 | D:2      | 647 ||| DROPPING scroll of blinking.
   663 | D:1      | Reached XP level 3. HP: 23/23 MP: 3/3
   849 | D:1      | 849 ||| READING scroll labelled NERCHU SIEDI.
   898 | D:1      | 898 ||| DRINKING 2 sapphire potions.
  1203 | D:2      | Found an ornate altar of the Wu Jian Council.
  1271 | D:2      | 1271 ||| FLEEEEING.
  1567 | D:2      | 1567 ||| DROPPING ring of magical power.
  1568 | D:2      | 1568 ||| READING scroll labelled BIYKUOWAO.
  1569 | D:2      | 1569 ||| READING 2 scrolls labelled DUAXEPL MEBAXKI.
  1570 | D:2      | 1570 ||| READING 2 scrolls labelled GEMYST VOFUNG.
  1571 | D:2      | 1571 ||| DRINKING 2 ruby potions.
  1572 | D:2      | 1572 ||| DROPPING scroll of amnesia.
  1627 | D:3      | 1627 ||| Stepping ~*~*~tactically~*~*~ (stealth).
  1819 | D:3      | 1819 ||| DROPPING +0 club.
  1838 | D:3      | Reached skill level 4 in Shields
  1936 | D:3      | Reached XP level 4. HP: 28/28 MP: 4/4
  2309 | D:3      | Noticed Jessica
  2317 | D:3      | Killed Jessica
  2318 | D:3      | Reached skill level 5 in Shields
  2318 | D:3      | Reached XP level 5. HP: 32/32 MP: 5/5
  2538 | D:3      | 2538 ||| READING 2 scrolls labelled MYRO KEDEOKLU.
  2539 | D:3      | 2539 ||| READING scroll labelled LIOXYDGHUREET.
  2540 | D:3      | 2540 ||| READING scroll labelled VEERIS HUTT.
  2541 | D:3      | 2541 ||| DROPPING scroll of immolation.
  2617 | D:4      | 2617 ||| Stepping ~*~*~tactically~*~*~ (stealth).
  2621 | D:4      | 2621 ||| Stepping ~*~*~tactically~*~*~ (stealth).
  2624 | D:4      | Reached skill level 6 in Shields
  2986 | D:4      | 2986 ||| Stepping ~*~*~tactically~*~*~ (stealth).
  2990 | D:4      | HP: 8/32 [gnoll/+0 club[a gnoll sergeant] (4)]
  2990 | D:4      | HP: 1/32 [gnoll sergeant/+3 spear of freezing (7)]
  2990 | D:4      | Slain by a gnoll sergeant

Levels and vault maps discovered:
D:1:      ncdulo_wetmaze, layout_rooms, ebering_ecumenical_altar_abandoned
D:2:      layout_loops_ring, basic_altar, nrook_mini_backslash
D:3:      layout_loops_ring, kennysheep_jessica_study
D:4:      layout_loops_cross, mainiacjoe_overflow_surrounded_room,
          roderic_serpentine_path, minmay_fire_ice_demons

Skill      XL: |  1  2  3  4  5 |
---------------+----------------+-----
Axes           | 2 3 |  3.0
Shields        | 4 5 6 |  6.1
Fighting       | |  3.2
Armour         | |  3.2

Action                   |  1- 3 |  4- 6 || total
-------------------------+-------+-------++-------
Melee: War axe           |   121 |    78 ||   199
  Use: Scroll            |     7 |     3 ||    10
       Potion            |     2 |       ||     2
Armor: Scale mail        |    55 |    36 ||    91
Dodge: Dodged            |    40 |    20 ||    60
Block: Buckler           |    10 |       ||    10
       Tower shield      |    32 |    49 ||    81

Table legend:
 A = Non-vault XP
 B = Vault XP
 C = Vault XP percentage of total XP
 D = Non-vault monster count
 E = Vault monster count
 F = Vault count percentage of total count
                 A         B        C        D         E       F
            +---------+---------+-------+---------+---------+-------
      Total |     236 |      39 |  14.2 |      57 |       2 |   3.4
            +---------+---------+-------+---------+---------+-------
        D:1 |      40 |       0 |   0.0 |      22 |       0 |   0.0
        D:2 |      17 |       0 |   0.0 |      10 |       0 |   0.0
        D:3 |      76 |      39 |  33.9 |      17 |       2 |  10.5
        D:4 |     103 |       0 |   0.0 |       8 |       0 |   0.0
            +---------+---------+-------+---------+---------+-------
